 Dungeon Crawl Stone Soup version 0.24-a0-778-g74da537585 (webtiles) character file.

Game seed: 17000639225927630157, levelgen mode: deterministic

84377 Dexcius the Severer (level 15, -7/144 HPs)
             Began as a Minotaur Berserker on Oct 1, 2019.
             Was the Champion of Trog.
             Killed from afar by a guardian serpent (31 damage)
             ... with a bolt of poison
             ... on level 2 of the Snake Pit on Oct 7, 2019.
             The game lasted 01:28:23 (23760 turns).

Dexcius the Severer (Minotaur Berserker)           Turns: 23760, Time: 01:28:26

Health: -7/144     AC: 39    Str: 36    XL:     15   Next: 35%
Magic:  9/14       EV:  9    Int:  4    God:    Trog [******]
Gold:   1590       SH:  0    Dex: 19    Spells: 14/14 levels left

rFire    . . .     SeeInvis +   j - +2 broad axe "Lokhoeng" {flame, rElec}
rCold    + . .     Gourm    .   (no shield)
rNeg     . . .     Faith    .   a - +4 crystal plate armour "Ociax" {Str+2 Dex+6}
rPois    .         Spirit   .   u - +2 hat
rElec    +         Reflect  .   b - +0 cloak of the Armoured One {Str+4}
rCorr    .         Harm     .   (no gloves)
MR       +....                  C - +0 pair of boots "Kelesyz" {rC+ SInv}
Stlth    ..........             (no amulet)
HPRegen  0.34/turn              F - +3 ring of strength
MPRegen  0.14/turn              r - +2 ring of protection

@: lethally poisoned (-7 -> -42), slowed, constricted, very slow
A: retaliatory headbutt, horns 2, yellow scales 1, agile 1
a: Berserk, Trog's Hand, Brothers in Arms, Renounce Religion


You were on level 2 of the Snake Pit.
You worshipped Trog.
Trog was exalted by your worship.
You were not hungry.

You visited 4 branches of the dungeon, and saw 22 of its levels.

You collected 1988 gold pieces.
You spent 398 gold pieces at shops.

Inventory:

Hand Weapons
 j - the +2 broad axe "Lokhoeng" (weapon) {flame, rElec}
   (You found it on level 5 of the Dungeon)

   It has been specially enchanted to burn those struck by it, causing extra
   injury to most foes and up to half again as much damage against particularly
   susceptible opponents.
   Big, fiery blades are also staple armaments of hydra-hunters.
   It insulates you from electricity.
 B - a +2 antimagic great mace
Armour
 a - the +4 crystal plate armour "Ociax" (worn) {Str+2 Dex+6}
   (You acquired it on level 12 of the Dungeon)

   It affects your strength (+2).
   It affects your dexterity (+6).
 b - the +0 cloak of the Armoured One (worn) {Str+4}
   (You bought it in a shop on level 2 of the Orcish Mines)

   It affects your strength (+4).
 u - a +2 hat (worn)
 w - +0 fire dragon scales
 C - the +0 pair of boots "Kelesyz" (worn) {rC+ SInv}
   (You acquired it on level 5 of the Lair of Beasts)

   It protects you from cold.
   It lets you see invisible.
Jewellery
 r - a +2 ring of protection (right hand)
 F - a +3 ring of strength (left hand)
Wands
 e - a wand of iceblast (8)
 o - a wand of paralysis (7)
Scrolls
 c - 10 scrolls of identify
 d - 3 scrolls of fog
 h - 8 scrolls of teleportation
 l - a scroll of fear
 m - 9 scrolls of remove curse
 E - 3 scrolls of blinking
Potions
 f - 2 potions of might
 i - 2 potions of cancellation
 k - 2 potions of flight
 n - a potion of curing
 q - a potion of resistance
 x - 2 potions of haste
 D - a potion of heal wounds
Comestibles
 g - 11 rations


   Skills:
 + Level 16.0 Fighting
 + Level 20.3(20.5) Axes
 + Level 4.9(14.5) Maces & Flails
 + Level 18.4 Armour
 + Level 6.2 Dodging
 + Level 3.0 Stealth


You had 14 spell levels left.
You didn't know any spells.
Your spell library was empty.

Dungeon Overview and Level Annotations

Branches:
Dungeon (12/15)            Temple (0/1) D:4            Lair (6/6) D:9
 Shoals (0/4) Lair:4        Snake (2/4) Lair:2        Slime (0/5) Lair:5
    Orc (2/2) D:12            Elf (0/3) Orc:2

Altars:
Fedhas
Gozag
Nemelex Xobeh
Vehumet
Wu Jian
Jiyva

Shops:
D:9 *   Orc:2 %?:[   Snake:1 }

Portals:
Pandemonium: Orc:2


Innate Abilities, Weirdness & Mutations

You reflexively headbutt those who attack you in melee.
You have a pair of horns on your head.
You are partially covered in yellow scales. (AC +2)
You are agile. (Dex +2)


Message History

Unknown command.
You closely miss the anaconda. Your headbutt misses the anaconda.
The anaconda is almost dead.
You hit the guardian serpent. You burn the guardian serpent.
You hit the naga but do no damage. You slash the naga ritualist!
You burn the naga ritualist.
You feel sick. The guardian serpent barely misses you. You furiously retaliate!
You headbutt the guardian serpent, but do no damage.
The anaconda closely misses you. You furiously retaliate!
You headbutt the anaconda.
* * * LOW HITPOINT WARNING * * *
The anaconda constricts you. The naga spits poison at you.
The splash of poison hits you.
You are more poisoned.
* * * LOW HITPOINT WARNING * * *
The guardian serpent coils itself and waves its upper body at you.
The bolt of poison hits you!!
You are more poisoned.
You die...

...#. #...# #...#
# ##...# .#
#...†##.#
##.......# .
#....)...##
.N..##NNS......##.
#N...@S.†.......
#.......######.##
#......... ...
.........### ..
###......#
#....### #....
#####


You could see an anaconda, a naga ritualist, a guardian serpent, a naga mage and
2 nagas.

Vanquished Creatures
  Rupert (Lair:6)
  A minotaur (Lair:2)
  A fire dragon (Lair:6)
  6 hydras
  A naga warrior (Snake:1)
  A catoblepas (Lair:6)
  The ghost of dziebel133 the Fighter, a novice MiBe of Trog (Lair:2)
  2 anacondas (Snake:2)
  11 death yaks
  2 two-headed ogres
  7 orc high priests (Orc:2)
  A shock serpent (Snake:1)
  Nergalle (D:11)
  4 naga sharpshooters (Snake:1)
  2 lindwurms
  A torturous demonspawn (Orc:2)
  An unseen horror (D:11)
  A naga ritualist (Snake:1)
  A gelid demonspawn (Orc:2)
  3 mana vipers (Snake:1)
  4 orc knights (Orc:2)
  A salamander (Snake:1)
  A manticore (D:12)
  3 cyclopes
  4 ugly things
  5 orc sorcerers
  A deep elf mage (D:11)
  12 elephants
  2 merfolk sirens (Lair:4)
  8 black mambas
  A rust devil (Orc:2)
  3 naga magi (Snake:1)
  A smoke demon (Orc:2)
  A gargoyle (D:7)
  2 molten gargoyles (Lair:6)
  An orange demon (Orc:2)
  A torpor snail (Lair:5)
  12 spiny frogs
  10 komodo dragons
  A rime drake (Lair:3)
  3 trolls
  Prince Ribbit (D:5)
  3 polar bears (Lair:1)
  15 blink frogs
  2 merfolk (Lair:4)
  7 hippogriffs
  3 wyverns
  39 yaks
  A hungry ghost (D:11)
  2 ynoxinuls (Orc:2)
  7 basilisks
  3 steam dragons (Lair:6)
  A warg (Orc:1)
  10 nagas
  8 porcupines
  16 water moccasins
  3 hell hounds (Lair:6)
  4 sky beasts
  29 orc warriors
  2 ice beasts
  A necrophage (D:7)
  4 black bears
  2 eyes of draining
  5 boggarts (D:11)
  8 ogres
  2 phantoms
  4 centaurs
  11 crocodiles
  A big kobold (D:7)
  A gnoll sergeant (D:6)
  12 bullfrogs
  7 scorpions
  8 wights
  6 electric eels
  2 howler monkeys
  5 lava snakes (Lair:6)
  A bullfrog zombie (D:11)
  3 centaur zombies
  6 hounds
  A jelly (D:12)
  24 orc wizards
  5 centaur skeletons
  26 orc priests
  A bullfrog skeleton (D:6)
  3 iguanas
  5 worker ants
  A hound zombie (D:10)
  A worker ant zombie (D:8)
  7 gnolls (D:6)
  18 adders
  4 shadow imps
  An ooze (D:5)
  2 adder skeletons
  2 adder zombies
  A worm (D:3)
  4 dart slugs
  2 leopard geckos
  76 orcs
  2 ball pythons
  7 giant cockroaches
  6 goblins
  6 hobgoblins
  7 jackals
  8 kobolds
  5 quokkas
  3 bats
  3 frilled lizards
  A leopard gecko skeleton (D:4)
  5 rats
  2 fungi
  5 plants
615 creatures vanquished.

Vanquished Creatures (others)
  2 fungi
  3 plants
5 creatures vanquished.

Grand Total: 620 creatures vanquished

Notes
Turn   | Place    | Note
-------+----------+-------------------------------------------
     0 | D:1      | Dexcius the Minotaur Berserker began the quest for the Orb.
     0 | D:1      | Reached XP level 1. HP: 19/19 MP: 0/0
   155 | D:1      | Reached XP level 2. HP: 27/27 MP: 1/1
   213 | D:1      | Reached skill level 4 in Axes
   991 | D:2      | Reached XP level 3. HP: 33/33 MP: 2/2
  1101 | D:2      | Found an opulent altar of Gozag.
  1495 | D:3      | Found a blossoming altar of Fedhas.
  1503 | D:3      | Reached ** piety under Trog
  1554 | D:3      | Reached XP level 4. HP: 41/41 MP: 3/3
  1603 | D:3      | Reached skill level 5 in Axes
  2050 | D:3      | Reached XP level 5. HP: 36/47 MP: 4/4
  2175 | D:3      | Found a radiant altar of Vehumet.
  2175 | D:3      | Found a sparkling altar of Nemelex Xobeh.
  3020 | D:4      | Reached skill level 6 in Axes
  3036 | D:4      | Found a staircase to the Ecumenical Temple.
  3270 | D:4      | Reached skill level 5 in Fighting
  3270 | D:4      | Reached XP level 6. HP: 55/56 MP: 5/5
  3517 | D:5      | Entered Level 5 of the Dungeon
  3653 | D:5      | Reached *** piety under Trog
  3660 | D:5      | Reached XP level 7. HP: 14/61 MP: 6/6
  4034 | D:5      | Got a polished broad axe
  4035 | D:5      | Identified the cursed +2 broad axe "Lokhoeng" {flame,
                  | rElec} (You found it on level 5 of the Dungeon)
  4131 | D:5      | Reached skill level 7 in Axes
  4131 | D:5      | Reached skill level 5 in Armour
  4445 | D:5      | Noticed Prince Ribbit
  4451 | D:5      | Reached skill level 1 in Stealth
  4458 | D:5      | Killed Prince Ribbit
  4458 | D:5      | Reached skill level 8 in Axes
  4458 | D:5      | Reached XP level 8. HP: 55/70 MP: 7/7
  5148 | D:6      | Reached skill level 9 in Axes
  5156 | D:6      | Reached **** piety under Trog
  5497 | D:6      | Found an ornate altar of the Wu Jian Council.
  5741 | D:7      | Reached skill level 10 in Axes
  5832 | D:7      | Reached XP level 9. HP: 68/78 MP: 8/8
  5881 | D:7      | Noticed a gargoyle
  5901 | D:7      | Killed a gargoyle
  6452 | D:8      | Reached skill level 11 in Axes
  6452 | D:8      | Reached skill level 10 in Armour
  6497 | D:8      | Reached ***** piety under Trog
  7124 | D:8      | Got a clouded wooden ring
  7125 | D:8      | Identified the ring "Zinoepre" {Fire +Inv Slay+3} (You
                  | found it on level 8 of the Dungeon)
  7454 | D:8      | Reached skill level 12 in Axes
  7746 | D:9      | Found Teppessu's Changing Room.
  7754 | D:9      | Bought a potion of mutation for 104 gold pieces
  7754 | D:9      | Gained mutation: You are partially covered in yellow
                  | scales. (AC +2) [potion of mutation]
  7754 | D:9      | Gained mutation: You are agile. (Dex +2) [potion of
                  | mutation]
  7754 | D:9      | Gained mutation: You evolve. [potion of mutation]
  7866 | D:9      | Reached XP level 10. HP: 88/88 MP: 9/9
  7888 | D:9      | Found a staircase to the Lair.
  7901 | Lair:1   | Entered Level 1 of the Lair of Beasts
  7919 | Lair:1   | Reached skill level 13 in Axes
  8024 | Lair:1   | Noticed a five-headed hydra
  8036 | Lair:1   | Killed a one-headed hydra
  8188 | Lair:1   | Lost mutation: You evolve. [evolution]
  8328 | Lair:1   | Reached skill level 14 in Axes
  8609 | Lair:1   | Noticed a black mamba
  8614 | Lair:1   | Killed a black mamba
  8614 | Lair:1   | Reached XP level 11. HP: 85/95 MP: 10/10
  9045 | Lair:1   | Upgraded the game from 0.24-a0-725-gf1a930fc54 to
                  | 0.24-a0-769-g368c1644f8
  9248 | Lair:2   | Found a staircase to the Snake Pit.
  9579 | Lair:2   | Found a runed translucent gate.
  9579 | Lair:2   | Found a runed translucent gate.
  9579 | Lair:2   | Found a runed translucent gate.
  9584 | Lair:2   | Noticed dziebel133's ghost (novice MiBe)
  9587 | Lair:2   | Noticed a minotaur
  9596 | Lair:2   | Killed dziebel133's ghost
  9596 | Lair:2   | Reached skill level 15 in Axes
  9603 | Lair:2   | Killed a minotaur
 10552 | Lair:3   | Noticed a seven-headed hydra
 10559 | Lair:3   | Killed a seven-headed hydra
 10565 | Lair:3   | Reached skill level 16 in Axes
 10565 | Lair:3   | Reached skill level 1 in Maces & Flails
 10565 | Lair:3   | Reached skill level 15 in Armour
 10565 | Lair:3   | Reached skill level 5 in Dodging
 10764 | Lair:3   | Reached skill level 10 in Fighting
 10842 | Lair:3   | Reached XP level 12. HP: 106/106 MP: 11/11
 10920 | Lair:3   | Received a gift from Trog
 12095 | Lair:4   | Found a staircase to the Shoals.
 12112 | Lair:4   | Reached skill level 17 in Axes
 13305 | Lair:5   | Reached XP level 13. HP: 117/117 MP: 12/12
 13589 | Lair:5   | Identified a scroll of acquirement
 13590 | Lair:5   | Got a pair of scorched boots
 13596 | Lair:5   | Identified the +0 pair of boots "Kelesyz" {rC+ SInv} (You
                  | acquired it on level 5 of the Lair of Beasts)
 13662 | Lair:5   | Reached skill level 18 in Axes
 14050 | Lair:5   | Found a viscous altar of Jiyva.
 14051 | Lair:5   | Found a staircase to the Slime Pits.
 14205 | Lair:6   | Entered Level 6 of the Lair of Beasts
 14772 | Lair:6   | Reached ****** piety under Trog
 15305 | Lair:6   | Noticed Rupert
 15328 | Lair:6   | Killed Rupert
 15864 | Lair:6   | Received a gift from Trog
 15877 | Lair:6   | Reached XP level 14. HP: 115/129 MP: 13/13
 16176 | Lair:6   | Found a large runed translucent door.
 16177 | Lair:6   | Found a large runed translucent door.
 16296 | Lair:6   | Upgraded the game from 0.24-a0-769-g368c1644f8 to
                  | 0.24-a0-778-g74da537585
 17500 | D:10     | Entered Level 10 of the Dungeon
 17524 | D:10     | Reached skill level 19 in Axes
 18216 | D:11     | Noticed Nergalle
 18221 | D:11     | Killed Nergalle
 18247 | D:11     | Received a gift from Trog
 19267 | D:12     | Found a staircase to the Orcish Mines.
 19381 | D:12     | Got an encrusted crystal plate armour
 19392 | D:12     | Identified the +4 crystal plate armour "Ociax" {Str+2
                  | Dex+6} (You acquired it on level 12 of the Dungeon)
 19394 | Orc:1    | Entered Level 1 of the Orcish Mines
 19483 | Orc:2    | Entered Level 2 of the Orcish Mines
 19503 | Orc:2    | Found a staircase to the Elven Halls.
 19518 | Orc:2    | Received a gift from Trog
 19961 | Orc:2    | Found Piv Wurgh's Food Boutique.
 19963 | Orc:2    | Found Qykhenue's Magic Scroll Shop.
 20475 | Orc:2    | Reached skill level 15 in Fighting
 20520 | Orc:2    | Received a gift from Trog
 20868 | Orc:2    | Found Weyrchoj's Antique Armour Shoppe.
 20868 | Orc:2    | Found a one-way gate leading to the halls of Pandemonium.
 20868 | Orc:2    | Found Wocveas's Book Emporium.
 20884 | Orc:2    | Bought a twisted cloak for 294 gold pieces
 20894 | Orc:2    | Identified the cursed +0 cloak of the Armoured One {Str+4}
                  | (You bought it in a shop on level 2 of the Orcish Mines)
 21277 | Orc:1    | Reached XP level 15. HP: 124/141 MP: 14/14
 21525 | D:12     | Reached skill level 20 in Axes
 22007 | Snake:1  | Entered Level 1 of the Snake Pit
 22041 | Snake:1  | Found a radiant altar of Vehumet.
 22476 | Snake:1  | Found Buroihe's Gadget Shop.
 23760 | Snake:2  | Killed from afar by a guardian serpent

Levels and vault maps discovered:
D:1:      elethiomel_arrival_infinity_welcomes_careful_drivers, layout_basic
D:2:      layout_rooms, grunt_gozag_breadcrumbs, minmay_crystal_room
D:3:      layout_basic, minitemple, fedhas_altar_3
D:4:      layout_basic, minmay_temple_entry_statues_pillars, first_ration
D:5:      minmay_chambers_of_threes, layout_basic,
          minmay_misc_feat_four_crosses, minmay_manual_monstrance,
          uniq_prince_ribbit1
D:6:      layout_loops_ring, kennysheep_mini_moat
D:7:      layout_basic, grunt_ogre_cave
D:8:      layout_layer_cave
D:9:      layout_irregular_city, grunt_lair_entry_orc_guard_hut,
          nicolae_transmutations_shop
D:10:     layout_long_grid
D:11:     layout_gridville, minivault_22, uniq_nergalle
D:12:     layout_layer_cave, orc_david_3
Lair:1:   layout_misc_corridors, cheibrodos_lair_lostbears
Lair:2:   wander_river, layout_long_grid, guppyfry_snake_entry_island,
          maelrawn_ghost_gauntlet_escape
Lair:3:   layout_cave_pods, eino_small_chamber_without_monster,
          chequers_serial_rivers_marsh
Lair:4:   layout_hall_layers, elwin_shoals_entry_stream,
          chequers_serial_rivers_marsh, st_stairs_7, serial_bayou_lagoon_b,
          infiniplex_staircase_pool
Lair:5:   layout_gridlike, slime_altar_1, nicolae_quartered_pool_little,
          serial_bayou_shore_b, grunt_megastairs_4, lemuel_fruit_fields,
          lemuel_fruit_tree
Lair:6:   cheibrodos_lair_end_hotspot, layout_gridlike,
          minmay_stone_trees_small, patterned_corridor, uniq_rupert
Snake:1:  layout_chambers, basic_altar, serial_shops, shop
Snake:2:  layout_misc_corridors, special_room, drop_trap
Orc:1:    layout_diamond_mine
Orc:2:    pf_orc_diabolical, layout_caves

Skill      XL: |  1  2  3  4  5  6  7  8  9 10 11 12 13 14 15 |
---------------+----------------------------------------------+-----
Fighting       | 4 5 6 7 8 10 11 13 15 16 | 16.0
Axes           | 4 5 6 8 10 12 14 16 17 18 19 20 | 20.3
Armour         | 3 4 6 9 11 13 15 16 17 18 | 18.4
Dodging        | 3 4 5 6 |  6.2
Stealth        | 1 2 3 |  3.0
Maces & Flails | 2 3 4 |  4.9

Action                   |  1- 3 |  4- 6 |  7- 9 | 10-12 | 13-15 || total
-------------------------+-------+-------+-------+-------+-------++-------
Melee: Hand axe          |    72 |   121 |       |       |       ||   193
       Headbutt          |    15 |    20 |    37 |    84 |   207 ||   363
       Broad axe         |       |       |   224 |   332 |   707 ||  1263
       Morningstar       |       |       |       |    10 |    13 ||    23
       Great mace        |       |       |       |       |     3 ||     3
Invok: Berserk           |       |     1 |     2 |     2 |     2 ||     7
  Use: Potion            |     4 |     4 |     3 |       |     3 ||    14
       Scroll            |       |    11 |     3 |     4 |     9 ||    27
  Eat: Ration            |     1 |     2 |     6 |     4 |    10 ||    23
Armor: Animal skin       |     8 |       |       |       |       ||     8
       Ring mail         |    22 |    47 |    31 |       |       ||   100
       Plate armour      |       |       |   109 |   211 |   163 ||   483
       Crystal plate arm |       |       |       |       |   235 ||   235
       Fire dragon scale |       |       |       |       |    68 ||    68
Dodge: Dodged            |    44 |    63 |   103 |   154 |   336 ||   700

Table legend:
 A = Non-vault XP
 B = Vault XP
 C = Vault XP percentage of total XP
 D = Non-vault monster count
 E = Vault monster count
 F = Vault count percentage of total count
                 A         B        C        D         E       F
            +---------+---------+-------+---------+---------+-------
      Total |   85041 |   35498 |  29.4 |     476 |     132 |  21.7
            +---------+---------+-------+---------+---------+-------
        D:1 |      35 |       0 |   0.0 |      19 |       0 |   0.0
        D:2 |      35 |       0 |   0.0 |       7 |       0 |   0.0
        D:3 |     134 |       0 |   0.0 |      22 |       0 |   0.0
        D:4 |     310 |       0 |   0.0 |      18 |       0 |   0.0
        D:5 |      92 |     949 |  91.2 |       7 |      11 |  61.1
        D:6 |     714 |       0 |   0.0 |      22 |       0 |   0.0
        D:7 |    1261 |     113 |   8.2 |      32 |       1 |   3.0
        D:8 |    1579 |       0 |   0.0 |      34 |       0 |   0.0
        D:9 |    2117 |     762 |  26.5 |      18 |       6 |  25.0
       D:10 |    1495 |       0 |   0.0 |      13 |       0 |   0.0
       D:11 |    4825 |     824 |  14.6 |      34 |       1 |   2.9
       D:12 |    4963 |     412 |   7.7 |      23 |       7 |  23.3
     Lair:1 |    5036 |     869 |  14.7 |      20 |       3 |  13.0
     Lair:2 |    1153 |    2713 |  70.2 |       6 |       5 |  45.5
     Lair:3 |   10476 |       0 |   0.0 |      39 |       0 |   0.0
     Lair:4 |    9650 |    1479 |  13.3 |      38 |       4 |   9.5
     Lair:5 |    7619 |    1102 |  12.6 |      23 |       5 |  17.9
     Lair:6 |   13279 |   10025 |  43.0 |      22 |      26 |  54.2
    Snake:1 |   11346 |       0 |   0.0 |      22 |       0 |   0.0
    Snake:2 |    3092 |       0 |   0.0 |       6 |       0 |   0.0
      Orc:1 |    3315 |       0 |   0.0 |      29 |       0 |   0.0
      Orc:2 |    2515 |   16250 |  86.6 |      22 |      63 |  74.1
            +---------+---------+-------+---------+---------+-------
